 Dungeon Crawl Stone Soup version 0.30.0-13-g156ef70053 (webtiles) character file.

Game seed: 13003154146874106617

600 frost775 the Poker (level 7, 0/60 HPs)
             Began as a Minotaur Gladiator on May 17, 2023.
             Was a Follower of Trog.
             Slain by an ice beast (4 damage)
             ... on level 5 of the Dungeon.
             The game lasted 00:30:48 (2780 turns).

frost775 the Poker (Minotaur Gladiator)             Turns: 2780, Time: 00:30:49

Health: 0/60       AC:  0    Str: 20    XL:     7   Next: 18%
Magic:  6/6        EV: 13    Int:  5    God:    Trog [*.....]
Gold:   260        SH:  0    Dex: 12    Spells: 5/6 levels left

rFire   . . .        b - +2 trident (heavy)
rCold   . . .        (no shield)
rNeg    . . .        (no body armour)
rPois   .            c - +0 hat
rElec   .            (no cloak)
rCorr   .            (no gloves)
SInv    +            (no boots)
Will    .....        (no amulet)
Stlth   +            n - ring of see invisible
HPRegen 0.30/turn    (no ring)
MPRegen 0.10/turn

%: no passive effects
@: no status effects
A: horns 2, retaliatory headbutt
a: Renounce Religion, Berserk


You were on level 5 of the Dungeon.
You worshipped Trog.
Trog was aware of your devotion.
You visited 1 branch of the dungeon, and saw 5 of its levels.

You collected 260 gold pieces.

Inventory:

Hand Weapons
 a - a +0 trident
 b - a +2 heavy trident (weapon)
 f - a +0 scythe
Missiles
 d - 2 throwing nets (quivered)
 q - a javelin
Armour
 c - a +0 hat (worn)
 i - a +1 chain mail
Magical Staves
 j - a staff of cold
 k - a staff of cold
Jewellery
 n - a ring of see invisible (left hand)
Scrolls
 g - a scroll of teleportation {unknown}
 p - a scroll of vulnerability
Potions
 e - 2 potions of curing
 l - a potion of attraction {unknown}
 m - a potion of heal wounds {unknown}
 s - 3 potions of brilliance {unknown}


   Skills:
 + Level 4.5 Fighting
 + Level 7.0 Polearms
 + Level 2.5 Throwing
 + Level 4.3 Armour
 + Level 4.0 Dodging
 + Level 0.3 Stealth


You had 5 spell levels left.
You knew the following spells:

 Your Spells              Type           Power      Damage    Failure   Level
a - Sandblast             Erth           0%         2d4       45%         1

Your spell library contained the following spells:

 Spells                   Type           Power      Damage    Failure   Level
 Ensorcelled Hibernation  Hex/Ice        0%         N/A       63%         2
 Passwall                 Tmut/Erth      0%         N/A       63%         2
 Gell's Gravitas          Tloc           0%         N/A       85%         3
 Stone Arrow              Conj/Erth      0%         3d7       85%         3
 Swiftness                Air            0%         N/A       85%         3
 Teleport Other           Tloc           0%         N/A       85%         3
 Dispersal                Tloc           0%         N/A       100%        6


Dungeon Overview and Level Annotations

Branches:
Dungeon (5/15)
 Temple: D:4-7

Altars:
Ashenzari
Hepliaklqana
Kikubaaqudgha
Trog
Uskayaw


Innate Abilities, Weirdness & Mutations

You have a pair of horns on your head.
You reflexively headbutt those who attack you in melee.


Message History

[Y]es or [N]o only, please.
Keep equipping yourself? [Y]es or [N]o only, please.
Keep equipping yourself? [Y]es or [N]o only, please.
Keep equipping yourself? [Y]es or [N]o only, please.
Keep equipping yourself? [Y]es or [N]o only, please.
Keep equipping yourself? [Y]es or [N]o only, please.
Keep equipping yourself? [Y]es or [N]o only, please.
Keep equipping yourself? [Y]es or [N]o only, please.
Keep equipping yourself? [Y]es or [N]o only, please.
Keep equipping yourself? [Y]es or [N]o only, please.
Keep equipping yourself? [Y]es or [N]o only, please.
Keep equipping yourself? [Y]es or [N]o only, please.
Keep equipping yourself? [Y]es or [N]o only, please.
Keep equipping yourself? [Y]es or [N]o only, please.
Keep equipping yourself? [Y]es or [N]o only, please.
Keep equipping yourself?
The ice beast freezes you!
* * * LOW HITPOINT WARNING * * *
You continue putting on your +1 chain mail.
The ice beast hits you.
* * * LOW HITPOINT WARNING * * *
The ice beast freezes you.
* * * LOW HITPOINT WARNING * * *
You continue putting on your +1 chain mail.
The ice beast hits you.
You die...

######.####
#........†.........
...
#........)#####.##.
.#..
#...............##.
#.........########.
#.........## ##
#............
#.........##.
#.........# .
#.@.......#
#.Y.###..## #...#
.... #.....#..###
#..#.....#
#........#
#.####.... .. .##.
.. #


You could see an ice beast.

Vanquished Creatures
  Sigmund (D:4)
  A scorpion (D:5)
  A howler monkey (D:5)
  A bullfrog zombie (D:4)
  A jelly (D:4)
  2 orc wizards (D:5)
  Natasha (D:3)
  3 hound zombies (D:4)
  A hound skeleton (D:4)
  4 adders
  A howler monkey zombie (D:4)
  An adder skeleton (D:4)
  3 adder zombies (D:4)
  3 worms
  2 dart slugs
  9 orcs
  10 endoplasms
  2 giant cockroaches
  4 goblins (D:1)
  4 hobgoblins (D:2)
  6 jackals
  5 quokkas
  4 ball pythons
  2 bats
  3 frilled lizards
  8 kobolds
  8 rats
91 creatures vanquished.

Notes
Turn   | Place    | Note
-------+----------+-------------------------------------------
     0 | D:1      | frost775 the Minotaur Gladiator began the quest for the
                  | Orb.
     0 | D:1      | Reached XP level 1. HP: 18/18 MP: 0/0
   295 | D:1      | Reached XP level 2. HP: 25/25 MP: 1/1
   420 | D:1      | Reached skill level 4 in Polearms
  1003 | D:2      | Reached XP level 3. HP: 30/30 MP: 2/2
  1303 | D:2      | Reached skill level 1 in Armour
  1559 | D:3      | Reached XP level 4. HP: 38/38 MP: 3/3
  1630 | D:3      | Learned a level 1 spell: Sandblast
  1776 | D:3      | Noticed Natasha
  1784 | D:3      | Killed Natasha
  1907 | D:3      | Found a faded altar of an unknown god.
  1939 | D:3      | Prayed at the altar of an unknown god.
  1939 | D:3      | Became a worshipper of Ashenzari the Shackled
  2028 | D:4      | Reached XP level 5. HP: 45/46 MP: 4/4
  2068 | D:4      | Found a bloodstained altar of Trog.
  2071 | D:4      | Found a broken altar of Ashenzari.
  2076 | D:4      | Fell from the grace of Ashenzari
  2076 | D:4      | Became a worshipper of Trog the Wrathful
  2093 | D:4      | Reached skill level 5 in Polearms
  2097 | D:4      | Found an ancient bone altar of Kikubaaqudgha.
  2097 | D:4      | Found a hide-covered altar of Uskayaw.
  2102 | D:4      | Found a hazy altar of Hepliaklqana.
  2152 | D:4      | Noticed Sigmund
  2161 | D:4      | Killed Sigmund
  2162 | D:4      | Reached skill level 6 in Polearms
  2162 | D:4      | Reached XP level 6. HP: 39/52 MP: 5/5
  2335 | D:4      | Was forgiven by Ashenzari
  2631 | D:5      | Entered Level 5 of the Dungeon
  2740 | D:5      | Reached * piety under Trog
  2756 | D:5      | Reached XP level 7. HP: 56/60 MP: 6/6
  2767 | D:5      | Reached skill level 7 in Polearms
  2780 | D:5      | Slain by an ice beast

Illustrated notes

Levels and vault maps discovered:
D:1:      roderic_chinese_lattice_arrival, layout_basic,
          amcnicky_mini_corridor_feature
D:2:      layout_rooms
D:3:      layout_basic, dreamdust_ecumenical_altar_angels_and_demons,
          uniq_natasha
D:4:      layout_loops_ring, nicolae_overflow_hallway_of_the_gods,
          serial_undead, serial_undead_d, serial_undead_c, serial_undead_b,
          serial_undead_b, serial_undead_b, serial_undead_c, uniq_sigmund
D:5:      minmay_diamond_boxcup, layout_rooms, marbit_many_paths,
          ebering_ghost_sewer_f

Skill      XL: |  1  2  3  4  5  6  7 |
---------------+----------------------+-----
Polearms       | 4 6 7 |  7.0
Fighting       | 3 4 |  4.5
Armour         | 1 2 3 4 |  4.3
Dodging        | 4 |  4.0
Throwing       | |  2.5
Stealth        | |  0.3

Action                     |  1- 3 |  4- 6 |  7- 9 || total
---------------------------+-------+-------+-------++-------
  Melee: Trident           |    83 |    87 |     9 ||   179
         Headbutt          |     8 |    17 |     2 ||    27
         Halberd           |       |    29 |       ||    29
         Punch             |       |     2 |       ||     2
  Throw: Javelin           |     4 |     2 |       ||     6
         Throwing net      |     1 |     3 |       ||     4
   Cast: Sandblast         |       |     1 |       ||     1
    Use: Scroll            |     3 |     1 |       ||     4
         Potion            |     2 |       |       ||     2
 Armour: Chain mail        |    53 |    67 |       ||   120
         Leather armour    |     2 |       |       ||     2
  Dodge: Dodged            |    39 |    38 |    12 ||    89
